cohdb
Replays
Latest Replays
All Replays
Popular Replays
Top Player Replays
Match Explorer
How It Works
Community
CoH3 Stats
Reddit
Sign in to upload your games and track your stats! →
Sign in with Steam
Match 42489845
Unlisted
Match 42489845
Overview
Messages
Build Orders
End
Construct Infanterie Kompanie
Selects Terror Battlegroup
Selects Machine Gun Camouflage
Grenadier Squad
MG 42 Machine Gun Team
Grenadier Squad
Medical Station
Construct Luftwaffe Kompanie
Jäger Squad
GrW 34 Mortar Team
Luftwaffe Officer Quarters
Support Elements
Wirbelwind Flakpanzer
LwD-ClevelanD
xiaotiaocn
Brother
бескрайняя плоть
0
0
Comments
sign in to comment!
No comments posted yet!